 Dungeon Crawl Stone Soup version 0.28.0-53-g5a82cb258f (webtiles) character file.

Game seed: 13597991307218338300

46 Revguard the Slasher (level 3, -1/27 HPs)
             Began as a Demonspawn Gladiator on July 28, 2022.
             Slain by Natasha (4 damage)
             ... on level 2 of the Dungeon.
             The game lasted 00:03:28 (1320 turns).

Revguard the Slasher (Demonspawn Gladiator)         Turns: 1320, Time: 00:03:29

Health: -1/27      AC:  6    Str: 14    XL:     3   Next: 44%
Magic:  3/3        EV: 12    Int:  9    God:
Gold:   72         SH:  4    Dex: 16    Spells: 2/2 levels left

rFire   . . .      SeeInvis .   a - +0 long sword
rCold   . . .      Faith    .   (no shield)
rNeg    . . .      Spirit   .   b - +0 leather armour
rPois   .          Reflect  .   c - +0 helmet
rElec   .          Harm     .   (no cloak)
rCorr   .          Rampage  .   l - +0 pair of gloves
Will    .....                   (no boots)
Stlth   +.........              (no amulet)
HPRegen 0.09/turn               (no ring)
MPRegen 0.08/turn               (no ring)

@: slowed, very slow
A: sharp scales 1, condensation shield
a: no special abilities


You were on level 2 of the Dungeon.
You visited 1 branch of the dungeon, and saw 2 of its levels.

You collected 72 gold pieces.

Inventory:

Hand Weapons
 a - a +0 long sword (weapon)
Missiles
 d - 3 throwing nets (quivered)
Armour
 b - a +0 leather armour (worn)
 c - a +0 helmet (worn)
 l - a +0 pair of gloves (worn)
Jewellery
 h - a ring of wizardry
Scrolls
 e - 2 scrolls of identify {unknown}
 g - a scroll of fear {unknown}
 i - a scroll of enchant weapon {unknown}
 j - a scroll of amnesia {unknown}
 k - a scroll of torment {unknown}
 o - a scroll of magic mapping {unknown}
Potions
 f - 2 potions of might {unknown}
 m - a potion of mutation {unknown}
 n - a potion of degeneration {unknown}


   Skills:
 + Level 2.2 Fighting
 * Level 3.1 Long Blades
 - Level 1.7 Throwing
 + Level 0.8 Armour
 * Level 3.1 Dodging
 + Level 1.1 Invocations
 + Level 0.6 Evocations


You had 2 spell levels left.
You didn't know any spells.
Your spell library contained the following spells:

 Spells                   Type           Power      Damage    Failure   Level
 Tukima's Dance           Hex            0%         N/A       83%         3
 Anguish                  Hex/Necr       0%         N/A       99%         4
 Enfeeble                 Hex            0%         N/A       100%        7


Dungeon Overview and Level Annotations

Branches:
Dungeon (2/15)

Altars:

Annotations:
D:2 Natasha


Innate Abilities, Weirdness & Mutations

You are partially covered in razor-sharp scales. (AC +1, Slay +1)
A meltable shield of frost defends you. (SH +4)


Message History

You block the bat's attack. The rat misses you.
You barely miss the rat. The bat hits you but does no damage.
You block the rat's attack. The rat bites you but does no damage.
You hit the rat.
You kill the rat!
The bat misses you. You block the bat's attack.
The goblin unwields a +0 dagger.
The goblin wields a +0 hunting sling.
The goblin shoots a stone.
The stone closely misses you.
Natasha, Servant of Life and Death comes into view.
The bat completely misses you.
The goblin shoots a stone.
The stone hits you but does no damage.
You see here a rat corpse.
Found a stone staircase leading down.
The bat barely misses you.
The goblin shoots a stone.
The stone hits you. The bat hits you but does no damage.
The goblin unwields a +0 hunting sling.
The goblin wields a +0 dagger.
The goblin closely misses you.
You slash the goblin!
You kill the goblin!
The bat misses you.
You hit Natasha.
Natasha is lightly wounded.
The bat completely misses you. Natasha claws you.
Natasha stares at you and mumbles some strange words.
You feel yourself slow down.
You barely miss Natasha.
Natasha is lightly wounded.
The bat barely misses you. Natasha barely misses you.
The bat barely misses you. Natasha claws you.
You slash Natasha!
Natasha is severely wounded.
The bat closely misses you. Natasha claws you!
You closely miss Natasha.
Natasha is severely wounded.
The bat closely misses you. x2; Natasha claws you!
* * * LOW HITPOINT WARNING * * *
Natasha barely misses you.
You closely miss Natasha.
Natasha is severely wounded.
You block the bat's attack. Natasha claws you.
You die...

#.###...........<.
#..........#.#.#...
#..######......##..#
#.### #..#.#.###..
.......###........ ..
#######....?.....## #
####........####
##########....#####.....
.....?h@.b.......>......
.>....###..######## ####
..... .....# ....
#.....# # ### #.....# #
#.....# .... #......
...# #.....## .. #


You could see Natasha and a bat.

Vanquished Creatures
  Natasha (D:2)
  2 ball pythons (D:1)
  A bat (D:2)
  3 endoplasms
  A giant cockroach (D:2)
  3 goblins
  3 hobgoblins (D:1)
  A jackal (D:2)
  A frilled lizard (D:1)
  A kobold (D:1)
  3 rats
20 creatures vanquished.

Notes
Turn   | Place    | Note
-------+----------+-------------------------------------------
     0 | D:1      | Revguard the Demonspawn Gladiator began the quest for the
                  | Orb.
     0 | D:1      | Reached XP level 1. HP: 16/16 MP: 1/1
   387 | D:1      | Gained mutation: You are partially covered in razor-sharp
                  | scales. (AC +1, Slay +1) [demonic ancestry]
   387 | D:1      | Reached XP level 2. HP: 8/22 MP: 2/2
   671 | D:1      | Found a faded altar of an unknown god.
  1231 | D:2      | Noticed Natasha
  1237 | D:2      | Killed Natasha
  1238 | D:2      | Reached skill level 1 in Invocations
  1238 | D:2      | Gained mutation: A meltable shield of frost defends you.
                  | (SH +4) [demonic ancestry]
  1238 | D:2      | Reached XP level 3. HP: 27/27 MP: 3/3
  1312 | D:2      | Noticed Natasha
  1320 | D:2      | Slain by Natasha

Illustrated notes

Levels and vault maps discovered:
D:1:      tarquinn_simple_flora_water_f, layout_loops_ring,
          nicolae_ecumenical_lake_church, minivault_27
D:2:      layout_rooms, serial_glass, glass_columns_a, glass_columns_a,
          item_on_display_a, minmay_pentomino_q2, uniq_natasha

Skill      XL: |  1  2 |
---------------+-------+-----
Dodging        | 3 |  3.1
Long Blades    | 3 |  3.1
Invocations    | 1 |  1.1
Fighting       | |  2.2
Throwing       | |  1.7
Armour         | |  0.8
Evocations     | |  0.6

Action                   || total
-------------------------++-------
Melee: Long sword        ||    48
 Stab: Sleeping          ||     3
Armor: Leather armour    ||    13
Dodge: Dodged            ||    52
Block: Other             ||     5
